cohdb
Replays
Latest Replays
All Replays
Popular Replays
Top Player Replays
Match Explorer
How It Works
Community
CoH3 Stats
Reddit
Sign in to upload your games and track your stats! →
Sign in with Steam
Match 41633122
Unlisted
Match 41633122
Overview
Messages
Build Orders
End
Scout Squad
Engineer Squad
Selects Heavy Weapons
Construct Barracks
1⁄4-ton 4x4 Truck
Riflemen Squad
Riflemen Squad
Mechanized Support Center
Selects M2HB .50cal Heavy Machine Gun
Riflemen Squad
Construct Motor Pool
M8 Greyhound Armored Car
Designate Forward Repair Station
M24 Chaffee Light Tank
Selects Assault Carriers
Selects Halftrack Strongpoints
M3 75 mm Gun Motor Carriage
M3 75 mm Gun Motor Carriage
Riflemen Squad
M1918 Browning Automatic Rifles
M16 Multiple Gun Motor Carriage
Ares
PaNiC
Kitsuné
Dumais
0
0
Comments
sign in to comment!
No comments posted yet!